 Dungeon Crawl Stone Soup version 0.20-a0-830-g2c9a30d (webtiles) character file.

804 krabocopter the Covert (level 7, -9/75 HPs)
             Began as an Octopode Assassin on Mar 6, 2017.
             Was an Initiate of Dithmenos.
             Mangled by a wyvern zombie (11 damage)
             ... on level 7 of the Dungeon.
             The game lasted 00:25:50 (6034 turns).

krabocopter the Covert (Octopode Assassin)          Turns: 6034, Time: 00:25:51

Health: -9/75      AC:  1    Str: 19    XL:     7   Next: 91%
Magic:  7/7        EV: 16    Int: 13    God:    Dithmenos [......]
Gold:   415        SH:  0    Dex: 16    Spells: 6/6 levels left

rFire    + . .     SeeInvis .   a - +2 dagger
rCold    + . .     Gourm    .   (no shield)
rNeg     . . .     Faith    +   (helmet restricted)
rPois    .         Spirit   .   x - amulet of faith
rElec    .         Reflect  .   j - ring of flight
rCorr    .         Harm     .   o - ring of protection from magic
MR       +....                  v - +4 ring of strength
Stlth    ..........             G - ring of protection from fire
Regen    0.3/turn               H - ring of protection from cold
MPRegen  0.1/turn               (no ring)
                                (no ring)
                                (no ring)

@: berserking, very quick
A: almost no armour, stealthy swim, amphibious, 8 rings, constrict 8, camouflage
1, gelatinous body 1
a: Renounce Religion, Evoke Flight


You were on level 7 of the Dungeon.
You worshipped Dithmenos.
Dithmenos was noncommittal.
You were not hungry.

You visited 2 branches of the dungeon, and saw 8 of its levels.

You collected 415 gold pieces.

Inventory:

Hand Weapons
 a - a +2 dagger (weapon)
 b - a +0 blowgun
 w - a +0 shortbow
Missiles
 c - 42 poisoned needles
 d - 10 curare-tipped needles
Armour
 J - a +0 shield
Jewellery
 j - a ring of flight (left tentacle)
 o - a ring of protection from magic (right tentacle)
 v - a +4 ring of strength (on tentacle)
 x - an amulet of faith (around mantle)
 G - a ring of protection from fire (on tentacle)
 H - a ring of protection from cold (on tentacle)
 K - an uncursed ring of resist corrosion {unknown}
Wands
 m - a wand of lightning (11/15)
 u - a wand of random effects (33/48)
Scrolls
 k - 5 scrolls of identify
 l - a scroll of fear
 q - a scroll of teleportation {unknown}
 s - a scroll of fog {unknown}
 t - a scroll of random uselessness {unknown}
 y - 3 scrolls of amnesia {unknown}
 D - a scroll of remove curse
 E - a scroll of immolation {unknown}
 F - a scroll of enchant weapon {unknown}
Potions
 h - 2 potions of flight
 i - 2 potions of resistance {unknown}
 n - a potion of magic {unknown}
 p - 2 potions of curing {unknown}
 r - a potion of lignification {unknown}
 A - a potion of brilliance {unknown}
 B - a potion of degeneration {unknown}
 C - a potion of experience {unknown}
Books
 L - a book of Clouds

   Spells                             Type                      Level
   a - Poisonous Vapours              Poison/Air                   2
   b - Mephitic Cloud                 Conjuration/Poison/Air       3
   c - Conjure Flame                  Conjuration/Fire             3
   d - Freezing Cloud                 Conjuration/Ice/Air          6
   e - Ring of Flames                 Charms/Fire                  7
Comestibles
 f - 3 bread rations
 g - 6 meat rations
 z - 2 royal jellies
 I - a chunk of flesh


   Skills:
 + Level 5.2 Fighting
 - Level 2.0 Short Blades
 - Level 2.0 Throwing
 + Level 5.0 Dodging
 + Level 8.8 Stealth


You had 6 spell levels left.
You didn't know any spells.

Dungeon Overview and Level Annotations

Branches:
Dungeon (7/15)             Temple (1/1) D:5

Altars:
Ashenzari
Dithmenos
Elyvilon
Fedhas
Gozag
Hepliaklqana
Kikubaaqudgha
Makhleb
Nemelex Xobeh
Okawaru
Qazlal
Ru
Sif Muna
Trog
Uskayaw
Vehumet
Wu Jian
Xom
Yredelemnul
Zin
The Shining One

Shops:
D:6 (

Annotations:
D:3 exclusion: orc priest


Innate Abilities, Weirdness & Mutations

You cannot wear most types of armour.
You are very stealthy in the water. (Stealth+)
You are amphibious.
You can wear up to eight rings at the same time.
You can use your tentacles to constrict eight enemies at once.
Your skin changes colour to match your surroundings (Stealth+).
Your rubbery body absorbs attacks. (AC +1, EV +1)


Message History

The wyvern zombie completely misses you.
You hit the wyvern zombie. The wyvern zombie bites you! x2
You take 23 damage, and have 22/50 hp.
MASSIVE DAMAGE!!
You barely miss the wyvern zombie. The wyvern zombie closely misses you.
The wyvern zombie completely misses you.
You hit the wyvern zombie. The wyvern zombie closely misses you.
You hit the wyvern zombie.
The adder skeleton bites you but does no damage.
The wyvern zombie bites you!
* * * LOW HITPOINT WARNING * * *
You take 12 damage, and have 11/50 hp.
MASSIVE DAMAGE!!
A red film seems to cover your vision as you go berserk!
You feel yourself moving faster!
You feel mighty! The wyvern zombie bites you!
* * * LOW HITPOINT WARNING * * *
The adder skeleton barely misses you.
You now have 2/75 hp.
You are too berserk!
You are too berserk!
You puncture the wyvern zombie! The wyvern zombie bites you!
You die...

.# .# ####### ....
.#####.....# ....
...........# .....
.......[...###########.....
..................[........
...........................
#................Z.........
#.....#####.....@Z........>
#.....# #.....#+####.....
#.....# +.....# ... #.....#
#.....# . #.....# #######
#.....## #......# #......#
#......+


You could see a wyvern zombie and an adder skeleton.

Vanquished Creatures
  Grinder (D:4)
  An ogre (D:5)
  A scorpion (D:6)
  A howler monkey (D:4)
  A hound (D:4)
  An orc priest (D:4)
  A centaur skeleton (D:4)
  An iguana (D:4)
  Ijyb (D:2)
  6 worker ants
  4 gnolls (D:4)
  3 adders
  An adder skeleton (D:4)
  2 worms
  A dart slug (D:1)
  5 leopard geckos
  2 orcs (D:3)
  9 bats
  4 giant cockroaches
  11 goblins
  11 hobgoblins
  5 jackals
  2 quokkas
  5 ball pythons
  5 frilled lizards
  8 kobolds
  6 rats
99 creatures vanquished.

Vanquished Creatures (others)
  6 fungi (D:4)
6 creatures vanquished.

Grand Total: 105 creatures vanquished

Notes
Turn   | Place    | Note
-------+----------+-------------------------------------------
     0 | D:1      | krabocopter the Octopode Assassin began the quest for the Orb.
     0 | D:1      | Reached XP level 1. HP: 14/14 MP: 1/1
   190 | D:1      | Reached XP level 2. HP: 19/19 MP: 2/2
   527 | D:1      | Reached XP level 3. HP: 22/25 MP: 3/3
  1198 | D:1      | Reached skill level 6 in Stealth
  1827 | D:2      | Reached XP level 4. HP: 31/31 MP: 4/4
  1974 | D:2      | Noticed Ijyb
  2001 | D:2      | Killed Ijyb
  2268 | D:3      | Reached XP level 5. HP: 34/36 MP: 5/5
  3312 | D:4      | Reached skill level 7 in Stealth
  3340 | D:4      | Reached XP level 6. HP: 40/43 MP: 6/6
  3522 | D:4      | Noticed Grinder
  3694 | D:4      | Killed Grinder
  3694 | D:4      | Reached skill level 8 in Stealth
  3694 | D:4      | Reached XP level 7. HP: 49/49 MP: 7/7
  4119 | D:5      | Entered Level 5 of the Dungeon
  4237 | D:5      | Found a staircase to the Ecumenical Temple.
  4251 | Temple   | Entered the Ecumenical Temple
  4539 | Temple   | Became a worshipper of Dithmenos the Shadowed
  5159 | D:5      | Reached skill level 5 in Fighting
  5544 | D:6      | Found Vosisk's Antique Weapon Shop.
  5550 | D:6      | Reached skill level 5 in Dodging
  6033 | D:7      | HP: 2/75 [wyvern zombie (15)]
  6034 | D:7      | Mangled by a wyvern zombie

Vault maps used:
D:1:      dpeg_arrival_castle, lemuel_flame_loot_1
D:2:      kennysheep_the_goblin_king, kennysheep_another_room, uniq_iyjb
D:4:      serial_aquarium, aquarium_bridge_square, aquarium_window_2,
          aquarium_window_fake, aquarium_view_2e, aquarium_balcony_3b,
          aquarium_pool_four, first_bread, uniq_grinder
D:5:      minmay_temple_entry_statues_pillars
D:6:      serial_shops, shop_fountains
D:7:      the_bakery
Temple:   roderic_octagonal_lattice_temple

Skill      XL: |  1  2  3  4  5  6  7 |
---------------+----------------------+-----
Stealth        | 6 7 8 |  8.8
Fighting       | 3 4 5 |  5.2
Dodging        | 2 3 4 5 |  5.0
Short Blades   | |  2.0
Throwing       | |  2.0

Action                   |  1- 3 |  4- 6 |  7- 9 || total
-------------------------+-------+-------+-------++-------
Melee: Dagger            |    64 |    93 |    51 ||   208
       Constrict         |    19 |    20 |     8 ||    47
       Tentacles         |    11 |    28 |    11 ||    50
  Use: Scroll            |       |     4 |       ||     4
       Potion            |       |     1 |     1 ||     2
 Stab: Sleeping          |    15 |    16 |     7 ||    38
  Eat: Chunk             |     2 |     7 |     5 ||    14
       Royal jelly       |       |       |     1 ||     1
Armor: Skin              |     2 |     5 |     1 ||     8
Dodge: Dodged            |    18 |    48 |    33 ||    99
